 Dungeon Crawl Stone Soup version 0.20.1-1-g8b1a95d (webtiles) character file.

46 Reeggar the Charmwright (level 3, -2/29 HPs)
             Began as a Demigod Skald on Oct 1, 2017.
             Slain by Internecine's ghost (3 damage)
             ... on level 3 of the Dungeon.
             The game lasted 00:11:03 (1904 turns).

Reeggar the Charmwright (Demigod Skald)             Turns: 1904, Time: 00:11:04

Health: -2/29      AC:  6    Str: 16    XL:     3   Next: 26%
Magic:  3/8        EV: 11    Int: 17    God:
Gold:   91         SH:  0    Dex: 15    Spells: 0/5 levels left

rFire    . . .     SeeInvis .   a - +0 falchion
rCold    . . .     Gourm    .   (no shield)
rNeg     . . .     Faith    .   n - +0 ring mail
rPois    .         Spirit   .   m - +0 helmet
rElec    .         Reflect  .   (no cloak)
rCorr    +         Harm     .   (no gloves)
MR       .....                  (no boots)
Stlth    +.........             (no amulet)
Regen    0.1/turn               o - ring of wizardry
MPRegen  0.2/turn               r - ring of resist corrosion

@: shrouded (expiring), infused, singing
A: high mp 1
a: no special abilities


You were on level 3 of the Dungeon.
You were not hungry.

You visited 1 branch of the dungeon, and saw 3 of its levels.

You collected 91 gold pieces.

Inventory:

Hand Weapons
 a - a +0 falchion (weapon)
Armour
 m - a +0 helmet (worn)
 n - a +0 ring mail (worn)
Jewellery
 o - a ring of wizardry (left hand)
 r - a ring of resist corrosion (right hand)
Scrolls
 h - a scroll of magic mapping {unknown}
 i - 2 scrolls of remove curse
 j - 2 scrolls of identify
 l - a scroll of teleportation {unknown}
 p - a scroll of recharging {unknown}
 q - a scroll of immolation {unknown}
Potions
 e - 4 potions of brilliance {unknown}
 f - a potion of curing {unknown}
 k - 2 potions of ambrosia {unknown}
Books
 c - a book of Battle

   Spells                             Type                      Level
   a - Infusion                       Charms                       1
   b - Shroud of Golubria             Charms/Translocation         2
   c - Song of Slaying                Charms                       2
   d - Spectral Weapon                Hexes/Charms                 3
   e - Regeneration                   Charms/Necromancy            3
Comestibles
 d - 2 bread rations
 g - a meat ration


   Skills:
 + Level 2.0 Fighting
 + Level 2.2 Long Blades
 + Level 1.4 Armour
 + Level 2.1 Dodging
 + Level 1.8 Spellcasting
 + Level 3.1 Charms


You couldn't memorise any spells.
You knew the following spells:

 Your Spells              Type           Power        Failure   Level  Hunger
a - Infusion              Chrm           ##..         4%          1    #......
b - Shroud of Golubria    Chrm/Tloc      #.........   12%         2    ###....
c - Song of Slaying       Chrm           ##......     6%          2    ###....


Dungeon Overview and Level Annotations

Branches:
Dungeon (3/15)

Annotations:
D:3 Internecine's ghost, amateur DrWr


Innate Abilities, Weirdness & Mutations

You have an increased reservoir of magic. (+10% MP)


Message History

Confirm with . or Enter, or press ? or * to list all spells.
Space distorts slightly along a thin shroud covering your body.
Internecine's ghost closely misses you.
Casting: Shroud of Golubria
Confirm with . or Enter, or press ? or * to list all spells.
Okay, then.
Casting: Shroud of Golubria
Confirm with . or Enter, or press ? or * to list all spells.
You start singing a song of slaying.
Internecine's ghost hits you but does no damage.
You hit Internecine's ghost but do no damage.
Internecine's ghost closely misses you.
Your shroud bends Internecine's ghost's attack away.
You barely miss Internecine's ghost. Internecine's ghost hits you!
* * * LOW HITPOINT WARNING * * *
You hit Internecine's ghost.
Internecine's ghost is lightly damaged.
Your shroud begins to fray at the edges.
Internecine's ghost hits you.
You die...

... ## .. ..
.. ... #.##.
#.##... #....#
..#..#
#.....###....#
...>........
#......#W.#
#......#@.#
#........#
#.....<#...$.#
##.....####..#
#.....# .#
#...... ..
....#... .
#.......#.
#.......##


You could see Internecine's ghost.

Vanquished Creatures
  A gnoll (D:1)
  A worm (D:2)
  A dart slug (D:2)
  A leopard gecko (D:2)
  2 giant cockroaches (D:1)
  6 goblins
  3 hobgoblins (D:1)
  A quokka (D:2)
  5 bats
  2 frilled lizards (D:2)
  2 kobolds (D:1)
  4 rats
  A plant (D:1)
30 creatures vanquished.

Notes
Turn   | Place    | Note
-------+----------+-------------------------------------------
     0 | D:1      | Reeggar the Demigod Skald began the quest for the Orb.
     0 | D:1      | Reached XP level 1. HP: 17/17 MP: 5/5
   238 | D:1      | Reached skill level 1 in Armour
   376 | D:1      | Reached skill level 3 in Charms
   378 | D:1      | Reached XP level 2. HP: 12/24 MP: 7/7
  1207 | D:2      | Reached XP level 3. HP: 29/29 MP: 8/8
  1227 | D:2      | Learned a level 2 spell: Shroud of Golubria
  1230 | D:2      | Learned a level 2 spell: Song of Slaying
  1894 | D:3      | Noticed Internecine's ghost (amateur DrWr)
  1903 | D:3      | HP: 1/29 [Internecine's ghost (14)]
  1904 | D:3      | Slain by Internecine's ghost

Skill      XL: |  1  2  3 |
---------------+----------+-----
Armour         | 1 |  1.4
Charms         | 3 |  3.1
Long Blades    | 2 |  2.2
Fighting       | 2 |  2.0
Dodging        | 2 |  2.1
Spellcasting   | |  1.8

Action                   || total
-------------------------++-------
Melee: Falchion          ||   164
 Cast: Shroud of Golubri ||     1
       Infusion          ||     1
       Song of Slaying   ||     1
  Use: Scroll            ||     4
  Eat: Chunk             ||     2
       Meat ration       ||     1
Armor: Leather armour    ||    16
       Ring mail         ||     9
Dodge: Dodged            ||    70
       Rpst.: Falchion   ||    25
